 Dungeon Crawl Stone Soup version 0.29.1-15-g9cfb28693d (webtiles) character file.

Game seed: 4416376408690883862

81 Descartes the Covert (level 4, -1/34 HPs)
             Began as a Spriggan Delver on Mar 21, 2023.
             Slain by a scorpion (5 damage)
             ... on level 4 of the Dungeon.
             The game lasted 00:01:27 (425 turns).

Descartes the Covert (Spriggan Delver)               Turns: 425, Time: 00:01:28

Health: -1/34      AC: 22    Str: 10    XL:     4   Next: 20%
Magic:  5/5        EV:  4    Int: 11    God:
Gold:   29         SH:  0    Dex: 16    Spells: 3/3 levels left

rFire   . . .      SeeInvis +   a - +0 short sword
rCold   . . .      Faith    .   (no shield)
rNeg    . . .      Spirit   .   (body armour currently unavailable)
rPois   +          Reflect  .   (helmet currently unavailable)
rElec   .          Harm     .   (cloak currently unavailable)
rCorr   .          Rampage  .   (gloves unavailable)
Will    .....      NoTele   +   (boots unavailable)
Stlth   ++++......              (no amulet)
HPRegen 0.11/turn               (no ring)
MPRegen 0.09/turn               (no ring)

@: tree-form
A: stationary, stasis, torment immunity, boosted hp, very small, no large
weapons, unfitting armour, see invisible, (speed 3)
a: no special abilities


You were on level 4 of the Dungeon.
You were a tree.
You visited 1 branch of the dungeon, and saw 2 of its levels.

You collected 29 gold pieces.

Inventory:

Hand Weapons
 a - a +0 short sword (weapon)
Armour
 b - a +0 robe (melded)
Jewellery
 i - a ring of wizardry
Wands
 g - a wand of digging (3)
 k - a wand of charming (10)
Scrolls
 c - a scroll of fog
 d - a scroll of magic mapping
 e - a scroll of fear
 h - a scroll of enchant weapon {unknown}
Potions
 f - a potion of haste


   Skills:
 - Level 2.4 Fighting
 + Level 3.3 Short Blades
 + Level 4.1 Dodging
 + Level 8.2 Stealth


You had 3 spell levels left.
You didn't know any spells.
Your spell library was empty.

Dungeon Overview and Level Annotations

Branches:
Dungeon (5/15)
 Temple: D:4-7

Altars:

Shops:
D:5 (


Innate Abilities, Weirdness & Mutations

You are a tree.
Your roots penetrate the ground, keeping you stationary.
You cannot be teleported.
You are immune to unholy pain and torment.
Your maximum health is greatly increased.
Your equipment is partially melded.
You are very small and have problems with some larger weapons.
You are too small for most types of armour.
You have supernaturally acute eyesight. (SInv)
((You cover ground extremely quickly. (Speed+++)))


Message History

Unknown command.
You hit the scorpion but do no damage.
The scorpion is moderately wounded.
The scorpion stings you but does no damage.
You hit the scorpion but do no damage.
The scorpion is moderately wounded.
The scorpion completely misses you.
You hit the scorpion.
The scorpion is heavily wounded.
The scorpion stings you.
* * * LOW HITPOINT WARNING * * *
You barely miss the scorpion.
The scorpion is heavily wounded.
The scorpion barely misses you.
You hit the scorpion but do no damage.
The scorpion is heavily wounded.
The scorpion stings you but does no damage.
You completely miss the scorpion.
The scorpion is heavily wounded.
The scorpion stings you but does no damage. x2
You hit the scorpion but do no damage.
The scorpion is moderately wounded.
The scorpion stings you but does no damage.
You hit the scorpion but do no damage.
The scorpion is moderately wounded.
The scorpion stings you but does no damage.
You hit the scorpion but do no damage.
The scorpion is moderately wounded.
The scorpion barely misses you.
You hit the scorpion.
The scorpion is heavily wounded.
The scorpion stings you.
* * * LOW HITPOINT WARNING * * *
You hit the scorpion but do no damage.
The scorpion is heavily wounded.
The scorpion barely misses you.
You hit the scorpion but do no damage.
The scorpion is heavily wounded.
The scorpion stings you.
You die...

#.#
##.#################
#...................
#..#################
#......# #...##.#
##### ###.# #....
#.# #.... #♣# ##
###.### #s# . ...#
#W# #. #..### #.#
#.##..##. #.#
####.....##. #.#
............ #.#
##......### ..#.
#.###.##
....####.###.####


You could see a phantom and a scorpion.

Vanquished Creatures
  A phantom (D:5)
  An ufetubus (D:4)
2 creatures vanquished.

Notes
Turn   | Place    | Note
-------+----------+-------------------------------------------
     0 | D:5      | Descartes the Spriggan Delver began the quest for the Orb.
     0 | D:5      | Reached XP level 1. HP: 11/11 MP: 2/2
    14 | D:5      | Noticed a phantom
    25 | D:5      | Killed a phantom
    26 | D:5      | Reached skill level 8 in Stealth
    26 | D:5      | Reached XP level 2. HP: 3/16 MP: 3/3
    26 | D:5      | Reached XP level 3. HP: 4/19 MP: 4/4
    26 | D:5      | Reached XP level 4. HP: 5/23 MP: 5/5
   305 | D:5      | Found Qaaxead's Antique Weapon Emporium.
   390 | D:4      | Noticed a scorpion
   402 | D:4      | Noticed a phantom
   425 | D:4      | Slain by a scorpion

Illustrated notes

Levels and vault maps discovered:
D:4:      layout_loops_ring, mainiacjoe_overflow_surrounded_room,
          ebering_ghost_sewer_d
D:5:      layout_loops_ring, temple_doors_cd, serial_shops, shop

Skill      XL: |  1 |
---------------+----+-----
Short Blades   | 3 |  3.3
Dodging        | 4 |  4.1
Stealth        | 8 |  8.2
Fighting       | |  2.4

Action                   |  1- 3 |  4- 6 || total
-------------------------+-------+-------++-------
Melee: Short sword       |    11 |    30 ||    41
  Use: Potion            |       |     1 ||     1
 Stab: Sleeping          |     1 |     1 ||     2
Armor: Robe              |     2 |       ||     2
       Skin              |       |    15 ||    15
Dodge: Dodged            |     4 |    11 ||    15
